 Dungeon Crawl Stone Soup version 0.29-a0-997-gf6f7e2d (webtiles) character file.

Game seed: 8130863057397723922

2611 Illumine the Cleaver (level 9, 0/81 HPs)
             Began as a Minotaur Fighter on Aug 4, 2022.
             Was an Initiate of Makhleb.
             Slain by a gnoll sergeant
             ... wielding a +0 glaive
              (9 damage)
             ... in a bailey.
             The game lasted 00:05:30 (6333 turns).

Illumine the Cleaver (Minotaur Fighter)             Turns: 6333, Time: 00:05:31

Health: 0/81       AC: 24    Str: 24    XL:     9   Next: 34%
Magic:  1/8        EV:  4    Int:  5    God:    Makhleb [......]
Gold:   1249       SH:  4    Dex: 11    Spells: 8/8 levels left

rFire   + + +      SeeInvis .   a - +0 war axe
rCold   . . .      Faith    .   c - +0 buckler
rNeg    . . .      Spirit   .   n - +2 crystal plate armour
rPois   .          Reflect  .   G - +2 hat
rElec   .          Harm     .   (no cloak)
rCorr   .          Rampage  .   y - +0 pair of gloves {infuse}
Will    .....                   (no boots)
Stlth   ..........              I - amulet of Ludigg {rF++ Regen+}
HPRegen 1.03/turn               C - ring of protection from fire
MPRegen 0.11/turn               (no ring)

@: weakened
A: horns 2, retaliatory headbutt
a: Renounce Religion


You were in a bailey.
You worshipped Makhleb.
Makhleb was noncommittal.
You visited 2 branches of the dungeon, and saw 8 of its levels.
You also visited: Bailey.

You collected 1364 gold pieces.
You spent 115 gold pieces at shops.

Inventory:

Hand Weapons
 a - a +0 war axe (weapon)
 b - the +9 sling "Arcanum" {flame, Str+6 Int+2}
   (You found it on level 5 of the Dungeon)

   Any ammunition fired from it burns those it strikes, dealing additional fire
   damage.
   Str:       It affects your strength (+6).
   Int:       It affects your intelligence (+2).
Missiles
 g - 2 poisoned darts (quivered)
 l - 3 javelins
 q - 4 boomerangs of dispersal
Armour
 c - a +0 buckler (worn)
 n - a +2 crystal plate armour (worn)
 v - the +0 ring mail of the Untouchables {Dex+2}
   (You found it on level 3 of the Dungeon)

   Dex:       It affects your dexterity (+2).
 y - a +0 pair of gloves of infusion (worn)
 G - a +2 hat (worn)
 J - a +0 scale mail
Jewellery
 z - an amulet of guardian spirit
 C - a ring of protection from fire (left hand)
 I - the amulet of Ludigg (around neck) {rF++ Regen+}
   (You found it on level 5 of the Dungeon)

   [amulet of regeneration]

   rF:        It greatly protects you from fire.
   Regen:     It increases your rate of health regeneration.
 M - a ring of resist corrosion
Wands
 B - a wand of iceblast (2)
Scrolls
 e - 2 scrolls of noise
 f - 3 scrolls of blinking
 h - a scroll of vulnerability {unknown}
 j - a scroll of butterflies {unknown}
 k - 2 scrolls of magic mapping
 o - a scroll of brand weapon {unknown}
 p - 2 scrolls of amnesia {unknown}
 s - 2 scrolls of teleportation
 t - a scroll of immolation {unknown}
 x - 2 scrolls of fear {unknown}
 E - a scroll of enchant armour {unknown}
 L - a scroll of summoning {unknown}
Potions
 d - a potion of attraction
 i - a potion of lignification {unknown}
 m - a potion of flight
 r - 2 potions of resistance
 u - a potion of haste {unknown}
 w - a potion of heal wounds {unknown}
 A - a potion of curing
 D - a potion of mutation {unknown}
 F - a potion of brilliance {unknown}
 H - a potion of berserk rage {unknown}
 K - a potion of cancellation {unknown}


   Skills:
 + Level 8.2 Fighting
 * Level 10.7 Axes
 + Level 3.0 Ranged Weapons
 + Level 8.0 Armour
 - Level 4.0 Shields
 + Level 0.8 Invocations


You had 8 spell levels left.
You didn't know any spells.
Your spell library contained the following spells:

 Spells                   Type           Power      Damage    Failure   Level
 Magic Dart               Conj           0%         1d3       100%        1
 Necrotise                Necr           0%         1d4       100%        1
 Call Imp                 Summ           0%         N/A       100%        2
 Mephitic Cloud           Conj/Pois/Air  0%         N/A       100%        3
 Swiftness                Air            0%         N/A       100%        3
 Corpse Rot               Necr/Pois/Air  0%         N/A       100%        4
 Death's Door             Necr           0%         N/A       100%        9


Dungeon Overview and Level Annotations

Branches:
Dungeon (7/15)             Temple (1/1) D:5          Bailey (1/1)

Altars:
Ashenzari
Cheibriados
Elyvilon
Fedhas
Gozag
Hepliaklqana
Kikubaaqudgha
Makhleb
Nemelex Xobeh
Okawaru
Ru
Trog
Uskayaw
Vehumet
Wu Jian
Yredelemnul

Shops:
D:3 [

Annotations:
D:6 3 runed translucent doors, Think's ghost, novice OpFi


Innate Abilities, Weirdness & Mutations

You have a pair of horns on your head.
You reflexively headbutt those who attack you in melee.


Message History

You hit the gnoll sergeant but do no damage.
You block the gnoll's attack. The gnoll sergeant barely misses you.
The gnoll bouda hits you but does no damage.
You slash the gnoll!
You kill the gnoll!
Makhleb accepts your kill.
You barely miss the gnoll sergeant. You completely miss the gnoll bouda.
The gnoll sergeant hits you but does no damage.
The gnoll bouda gazes fiercely through you!
You feel as though you will be weak longer.
The gnoll bouda barely misses you.
You hit the gnoll bouda.
The gnoll bouda is lightly wounded.
You hit the gnoll sergeant. You block the gnoll sergeant's attack.
The gnoll bouda hits you with a +0 halberd!
* * * LOW HITPOINT WARNING * * *
Unknown command.
You hit the gnoll bouda but do no damage.
You headbutt the gnoll bouda.
The gnoll bouda is moderately wounded.
You hit the gnoll sergeant but do no damage.
You block the gnoll sergeant's attack. You block the gnoll bouda's attack.
You hit the gnoll bouda.
You headbutt the gnoll bouda, but do no damage.
The gnoll bouda is moderately wounded.
You hit the gnoll sergeant but do no damage.
The gnoll sergeant hits you but does no damage.
You block the gnoll bouda's attack.
You hit the gnoll sergeant but do no damage.
You headbutt the gnoll sergeant.
The gnoll sergeant is heavily wounded.
You hit the gnoll bouda but do no damage.
The gnoll sergeant hits you but does no damage.
The gnoll bouda hits you with a +0 halberd!
* * * LOW HITPOINT WARNING * * *
You closely miss the gnoll bouda. You headbutt the gnoll bouda!
The gnoll bouda is severely wounded.
You barely miss the gnoll sergeant.
The gnoll sergeant hits you with a +0 glaive!
You die...

♣♣≈≈.. ♣.≈..# ♣♣.≈..#
♣♣..≈..# ♣...≈..# ####
♣...≈..# #...##
♣♣..)≈..######.....#
#♣♣♣...†g..'.).#...$...
#∩..∩..).@g'...'...8...
#♣♣♣...)).)'...#...$...
♣♣...≈..######.....#
♣♣..≈..# #...## ♣..≈..#
#### ♣..≈..# ♣♣.≈..#
♣.≈..#


You could see a gnoll sergeant (swift) and a gnoll bouda.

Vanquished Creatures
  A yak (D:5)
  A steam dragon (D:6)
  A water moccasin (D:6)
  A sky beast (D:6)
  An orc warrior (D:6)
  A black bear (D:6)
  2 ogres (D:5)
  A centaur (D:5)
  3 phantoms
  2 gnoll sergeants
  A necrophage (D:6)
  8 scorpions
  2 howler monkeys
  2 hounds (Bailey)
  A gnoll bouda (D:6)
  2 jellies (D:5)
  An orc priest (D:5)
  2 iguanas
  7 orc wizards
  Robin (D:3)
  18 gnolls
  6 adders
  A white imp (D:6)
  An ufetubus (D:5)
  A worm (D:4)
  3 dart slugs
  22 orcs
  6 ball pythons
  6 bats
  3 endoplasms
  2 giant cockroaches
  13 goblins
  8 hobgoblins
  10 jackals
  3 quokkas
  5 frilled lizards
  2 kobolds
  4 rats
155 creatures vanquished.

Notes
Turn   | Place    | Note
-------+----------+-------------------------------------------
     0 | D:1      | Illumine the Minotaur Fighter began the quest for the Orb.
     0 | D:1      | Reached XP level 1. HP: 19/19 MP: 0/0
   276 | D:1      | Reached skill level 3 in Axes
   276 | D:1      | Reached XP level 2. HP: 27/27 MP: 1/1
   401 | D:1      | Found a faded altar of an unknown god.
   790 | D:2      | Reached XP level 3. HP: 33/33 MP: 2/2
   892 | D:2      | Found a hazy altar of Hepliaklqana.
  1638 | D:3      | Reached skill level 4 in Axes
  1754 | D:3      | Identified the +0 ring mail of the Untouchables {Dex+2}
  1790 | D:3      | Reached XP level 4. HP: 41/41 MP: 3/3
  1820 | D:3      | Noticed Robin
  1828 | D:3      | Killed Robin
  2070 | D:3      | Found Xeufu's Armour Boutique.
  2078 | D:3      | Bought a +0 pair of gloves of infusion for 115 gold pieces
  2468 | D:4      | Noticed a scorpion
  2476 | D:4      | Killed a scorpion
  2477 | D:4      | Reached skill level 5 in Axes
  2477 | D:4      | Reached XP level 5. HP: 34/47 MP: 0/4
  2775 | D:4      | Reached skill level 5 in Fighting
  2775 | D:4      | Found a hide-covered altar of Uskayaw.
  3241 | D:4      | Found a broken altar of Ashenzari.
  3470 | D:5      | Entered Level 5 of the Dungeon
  3497 | D:5      | Noticed a centaur
  3502 | D:5      | Killed a centaur
  3503 | D:5      | Reached skill level 6 in Axes
  3503 | D:5      | Reached skill level 5 in Armour
  3503 | D:5      | Reached XP level 6. HP: 45/56 MP: 3/5
  3884 | D:5      | Reached XP level 7. HP: 56/62 MP: 3/6
  3941 | D:5      | Found a staircase to the Ecumenical Temple.
  3949 | Temple   | Entered the Ecumenical Temple
  4000 | D:5      | Reached skill level 7 in Axes
  4391 | D:5      | Noticed a yak
  4465 | D:5      | Reached skill level 8 in Axes
  4472 | D:5      | Reached XP level 8. HP: 51/71 MP: 0/7
  4586 | D:5      | Identified the amulet of Ludigg {rF++ Regen+}
  4901 | D:5      | Reached skill level 9 in Axes
  5128 | D:5      | Got the Codex of Deathly Feathers
  5147 | D:5      | Identified the +9 sling "Arcanum" {flame, Str+6 Int+2}
  5226 | D:6      | Found a hazy altar of Hepliaklqana.
  5236 | D:6      | Reached skill level 1 in Ranged Weapons
  5369 | D:6      | Noticed Think's ghost (novice OpFi)
  5414 | D:6      | Reached skill level 10 in Axes
  5414 | D:6      | Reached XP level 9. HP: 60/81 MP: 4/8
  5621 | D:6      | Found an ancient bone altar of Kikubaaqudgha.
  5622 | D:6      | Found a blossoming altar of Fedhas.
  5668 | D:6      | Found a runed translucent gate.
  5675 | D:6      | Found a runed translucent gate.
  5682 | D:6      | Identified 2 scrolls of acquirement
  5683 | D:6      | Acquired a +2 crystal plate armour
  5684 | D:6      | Acquired 957 gold pieces
  5721 | D:6      | Found a runed translucent gate.
  5904 | D:6      | Found a burning altar of Makhleb.
  5904 | D:6      | Noticed a cacodemon
  5999 | D:6      | Became a worshipper of Makhleb the Destroyer
  6182 | D:7      | Found a flagged portal.
  6199 | Bailey   | Entered a bailey
  6333 | Bailey   | Slain by a gnoll sergeant

Illustrated notes

Levels and vault maps discovered:
D:1:      minmay_arrival_widening_spiral_wide, layout_loops_ring,
          shapermc_ecumenical_altar_mp_highgroup, hex_tiny
D:2:      layout_loops_corners, basic_altar, chequers_serial_rivers_small_3,
          minmay_heptomino_d4
D:3:      layout_basic, serial_shops, shop, uniq_robin
D:4:      layout_basic, lemuel_tele_altar, mainiacjoe_overflow_brackets
D:5:      minmay_clustersquares, layout_basic, minmay_temple_entry_wispy
D:6:      layout_cave_pools, grunt_temple_overflow_growth_and_decay,
          nicolae_hepliaklqana_hazy_memory, makhleb_altar_promises_db,
          gammafunk_ghost_icy
D:7:      layout_layer_cave, mainiacjoe_overflow_concentric_impassable,
          enter_bailey_5, minmay_misc_feat_hallway,
          chequers_serial_rivers_small_a, minivault_23, uniq_prince_ribbit1
Temple:   hellmonk_temple_micro_hex
Bailey:   bailey_polearm_gnolls_kennysheep, bailey

Skill      XL: |  1  2  3  4  5  6  7  8  9 |
---------------+----------------------------+-----
Axes           | 3 4 5 6 8 10 | 10.7
Fighting       | 4 5 6 7 8 |  8.2
Shields        | 4 |  4.0
Armour         | 4 5 6 7 8 |  8.0
Ranged Weapons | 2 3 |  3.0
Invocations    | |  0.8

Action                   |  1- 3 |  4- 6 |  7- 9 || total
-------------------------+-------+-------+-------++-------
Melee: War axe           |    77 |    81 |   145 ||   303
       Headbutt          |     8 |    14 |    30 ||    52
 Fire: Sling             |       |       |    12 ||    12
Evoke: Wand              |       |       |     1 ||     1
  Use: Potion            |       |     4 |       ||     4
       Scroll            |       |       |     8 ||     8
Armor: Scale mail        |    42 |       |       ||    42
       Ring mail         |       |    44 |    43 ||    87
       Crystal plate arm |       |       |    70 ||    70
Dodge: Dodged            |    40 |    30 |    76 ||   146
Block: Buckler           |    12 |    16 |    55 ||    83

Table legend: (Time is in decaauts)
 A = Elapsed time spent in this place.
 B = Non-inter-level travel time spent in this place.
 C = Inter-level travel time spent in this place.
 D = Time resting spent in this place.
 E = Time spent auto-exploring this place.
 F = Levels seen in this place.
 G = Mean time per level.
                   A        B        C        D        E       F      G
               +--------+--------+--------+--------+--------+-----+--------+
         Total |   6401 |   6164 |    237 |    195 |   5025 |   9 |  711.2 |
       Dungeon |   6265 |   6028 |    237 |    125 |   5025 |   7 |  895.0 |
        Temple |      1 |      1 |      0 |      0 |      0 |   1 |    1.0 |
        Bailey |    133 |    133 |      0 |     70 |      0 |   1 |  133.0 |
               +--------+--------+--------+--------+--------+-----+--------+

Top non-repeatable levels by time:
     D:5: 1717 daAuts
     D:4: 1154 daAuts
     D:6: 906 daAuts
     D:2: 847 daAuts
     D:3: 773 daAuts
     D:1: 744 daAuts
  Bailey: 133 daAuts
     D:7: 122 daAuts
  Temple: 1 daAuts
